 Dungeon Crawl Stone Soup version 0.31-a0-986-g5e6e4ef867 (webtiles) character file.

Game seed: 8415302183388385140

356 Xavori the Trooper (level 6, -1/47 HPs)
             Began as a Djinni Chaos Knight on Nov 8, 2023.
             Was a Plaything of Xom.
             Slain by a chaos spawn (3 damage)
             ... summoned by Xom
             ... on level 3 of the Dungeon.
             The game lasted 00:03:41 (11917 turns).

Xavori the Trooper (Djinni Chaos Knight)           Turns: 11917, Time: 00:03:41

Health: -1/47      AC:  7    Str: 13 (14) XL:     6   Next: 96%
Gold:   124        EV: 12    Int: 17      God:    Xom [......] SH:  0 Dex: 12 (14)

rFire   + + .        a - +1 falchion (chaos)
rCold   x . .        (no shield)
rNeg    . . .        b - +2 leather armour
rPois   ∞            (no helmet)
rElec   .            (no cloak)
rCorr   .            (no gloves)
SInv    .            (boots unavailable)
Will    .....        (no amulet) Stlth
                     i - ring of the Voivode {MP+9 Str+3 Int+3}
HPRegen 0.27/turn    (no ring)
MPRegen 0.00/turn

%: clarity, infuse magic (-2 HP)
@: silenced, flying
A: sickness immunity, fire resistance 2, cold vulnerability 1, float, innate
caster, HP casting, extra vitality 1, iridescent scales 1, clarity,
deterioration 1, inability to read after injury 2
a: Renounce Religion


You were on level 3 of the Dungeon.
You worshipped Xom.
You were a very special plaything of Xom.
You visited 1 branch of the dungeon, and saw 3 of its levels.

You collected 124 gold pieces.

Inventory:

Hand Weapons
 a - a +1 falchion of chaos (weapon)
Armour
 b - a +2 leather armour (worn)
Jewellery
 i - the ring of the Voivode (left hand) {MP+9 Str+3 Int+3}
   (You found it on level 2 of the Dungeon)

   [ring of magical power]

   Str+3:     It affects your strength (+3).
   Int+3:     It affects your intelligence (+3).
   MP+9:      It affects your magic capacity (+9).
Scrolls
 c - a scroll of butterflies
 k - a scroll of identify
 l - a scroll of vulnerability
Potions
 d - a potion of magic {unknown}
 e - a potion of resistance {unknown}
 f - 2 potions of curing {unknown}
 h - a potion of heal wounds {unknown}
 j - a potion of invisibility {unknown}


   Skills:
 + Level 4.0 Fighting
 + Level 3.6 Long Blades
 + Level 2.7 Armour
 + Level 3.6 Dodging
 * Level 2.2 Spellcasting
 * Level 2.2 Conjurations
 * Level 2.2 Hexes
   Level 0.0 Charms
 * Level 2.2 Summonings
 * Level 2.2 Necromancy
 * Level 2.2 Translocations
 * Level 2.2 Transmutations
 * Level 2.2 Fire Magic
 * Level 2.2 Ice Magic
 * Level 2.2 Air Magic
 * Level 2.2 Earth Magic
 * Level 2.2 Poison Magic


You knew the following spells:

 Your Spells              Type           Power      Damage    Failure   Level
a - Summon Small Mammal   Summ           36%        N/A       10%         1
b - Wereblood             Tmut           9%         N/A       14%         2
Your spell library was empty.

Dungeon Overview and Level Annotations

Branches:
Dungeon (3/15)

Altars:
Qazlal
Xom

Shops:
D:3 [


Innate Abilities, Weirdness & Mutations

You are immune to sickness and miasma.
You are immune to poison.
Your flesh is very heat resistant. (rF++)
You are vulnerable to cold. (rC-)
You float through the air rather than walking.
You learn spells naturally, not from books.
Your magical power is your life essence.
You have superior vitality. (+4 MHP)
You are partially covered in iridescent scales. (AC +2)
You possess an exceptional clarity of mind.
Your body sometimes deteriorates upon taking damage.
You sometimes lose the ability to read scrolls when taking damage.


Message History

There are monsters nearby!
You hit the ball python.
Lightning courses through the ball python!
You kill the ball python!
The jackal closely misses you.
The jackal bites you but does no damage.
You see here a jackal corpse.
A jackal is nearby!
You hit the jackal but do no damage. The jackal completely misses you.
You hit the jackal. Your punch misses the jackal.
The jackal is almost dead.
The jackal bites you but does no damage.
The jackal misses you.
You closely miss the jackal.
The jackal is almost dead.
The jackal barely misses you. The jackal closely misses you.
A jackal is nearby!
A jackal is nearby!
You hit the jackal. You burn the jackal.
You kill the jackal!
You drop a ring of protection from fire.
No target in view! "Fight to survive, mortal."
You hit the chaos spawn but do no damage.
The chaos spawn seems to speed up.
The chaos spawn hits you! The chaos spawn freezes you!
You feel a terrible chill!
Xom thinks this is hilarious!
The crimson imp closely misses you. The shadow imp gestures at you.
You struggle to resist.
As you read the scroll labelled OTHIPLESUHO, it crumbles to dust.
A profound silence engulfs you.
It was a scroll of silence.
The chaos spawn gores you!
* * * LOW HITPOINT WARNING * * *
The chaos spawn freezes you!
You feel a terrible chill!
* * * LOW HITPOINT WARNING * * *
Your body deteriorates!
You feel weakened. The shadow imp closely misses you.
The chaos spawn gores you.
You die... "This toy is broken."

#.# #.#...##... ...#..
#.# #.#.......#### #..
#.# #.#)..###..# #.. #.#
..#...# #.# #..
#.#.#####...# ##.######.
#.#.........###......#..
#.#.#####.....#......#..
#.# #554#...#.#......#..
#.# #@#.###...........
#.# #5#.# ##..........
#.# #.#.#####.......#.
#.#####.#....##.†....###
#.......#.##.#.).....# #
#.#####.#.##...##...##
#)# #.#.###.###..## #.#
#.#.# #.# #### # #.#
#.#.###.## #


You could see a chaos spawn (summoned, fast), a quasit (summoned), a crimson imp
(summoned, unsilenced) and a shadow imp (summoned, unsilenced).

Vanquished Creatures
  A boggart (D:2)
  Natasha (thrice) (D:2)
  3 orc wizards (D:3)
  3 adders
  A worm (D:2)
  3 dart slugs
  8 orcs (D:3)
  6 ball pythons
  6 bats
  5 endoplasms
  5 giant cockroaches
  9 goblins
  7 hobgoblins
  2 jackals (D:3)
  9 kobolds
  5 quokkas
  8 frilled lizards
  7 rats
91 creatures vanquished.

Notes
Turn   | Place    | Note
-------+----------+-------------------------------------------
     0 | D:1      | Xavori the Djinni Chaos Knight began the quest for the Orb.
     0 | D:1      | Reached XP level 1. HP: 20/20 MP: 0/0
    77 | D:1      | Reached XP level 2. HP: 25/25 MP: 0/0
    98 | D:1      | XOM: divination: detect creatures
   308 | D:1      | Reached XP level 3. HP: 30/30 MP: 0/0
   308 | D:1      | Learned a level 1 spell: Summon Small Mammal
   528 | D:1      | XOM: silly message
  1305 | D:1      | XOM is BORED!
  1305 | D:1      | XOM: noise
  1497 | D:1      | XOM: silly message
  1959 | D:1      | XOM: silly message
  2099 | D:1      | XOM: silly message
  2444 | D:1      | XOM: silly message
  2469 | D:1      | XOM is BORED!
  2469 | D:1      | XOM: silly message
  2655 | D:1      | XOM: silly message
  2783 | D:1      | XOM is BORED!
  2826 | D:1      | XOM: divination: detect creatures
  4464 | D:1      | XOM: noise
  4758 | D:1      | XOM is BORED!
  5646 | D:1      | XOM: torment (16/30 hp)
  6001 | D:1      | XOM: cloud trail
  6042 | D:1      | XOM: silly message
  6240 | D:1      | XOM: divination: magic mapping
  6301 | D:1      | XOM: noise
  6539 | D:1      | XOM: give mutations
  6539 | D:1      | Gained mutation: Your flesh is almost immune to the effects
                  | of heat. (rF+++) [Xom's mischief]
  6539 | D:1      | Gained mutation: You have a pair of small horns on your
                  | head. [Xom's mischief]
  6539 | D:1      | Gained mutation: Your body sometimes deteriorates upon
                  | taking damage. [Xom's mischief]
  6604 | D:1      | XOM: silly message
  7084 | D:1      | XOM is BORED!
  7084 | D:1      | XOM: stat loss: -3 Int (10/13)
  7208 | D:1      | XOM: scenery: create altars
  7594 | D:1      | XOM: summons 1 hostile shadow creature
  7654 | D:2      | XOM: give mutations
  7654 | D:2      | Lost mutation: Your flesh is almost immune to the effects
                  | of heat. (rF+++) [Xom's mischief]
  7654 | D:2      | Gained mutation: You possess an exceptional clarity of
                  | mind. [Xom's mischief]
  7654 | D:2      | Gained mutation: You occasionally lose the ability to read
                  | scrolls when taking damage. [Xom's mischief]
  8241 | D:1      | XOM: summons 2 hostile demons
  8515 | D:1      | XOM: god gift: book of Misfortune
  8759 | D:1      | XOM is BORED!
  8759 | D:1      | XOM: summons 2 hostile demons
  9065 | D:1      | XOM: stat loss: -1 Str (10/11)
  9307 | D:1      | XOM: draining
  9895 | D:1      | XOM: summons 2 hostile demons
 10001 | D:2      | an adder changed into a boggart
 10001 | D:2      | Noticed a boggart
 10001 | D:2      | XOM: polymorph adder -> boggart
 10004 | D:2      | XOM: noise
 10005 | D:2      | Killed a boggart
 10006 | D:2      | Reached skill level 1 in Spellcasting
 10006 | D:2      | Reached skill level 1 in Conjurations
 10006 | D:2      | Reached skill level 1 in Hexes
 10006 | D:2      | Reached skill level 1 in Summonings
 10006 | D:2      | Reached skill level 1 in Necromancy
 10006 | D:2      | Reached skill level 1 in Translocations
 10006 | D:2      | Reached skill level 1 in Transmutations
 10006 | D:2      | Reached skill level 1 in Fire Magic
 10006 | D:2      | Reached skill level 1 in Ice Magic
 10006 | D:2      | Reached skill level 1 in Air Magic
 10006 | D:2      | Reached skill level 1 in Earth Magic
 10006 | D:2      | Reached skill level 1 in Poison Magic
 10006 | D:2      | Reached XP level 4. HP: 29/35 MP: 0/0
 10006 | D:2      | Reached XP level 5. HP: 33/40 MP: 0/0
 10006 | D:2      | Learned a level 2 spell: Wereblood
 10059 | D:2      | XOM: give mutation
 10059 | D:2      | Lost mutation: You have a pair of small horns on your head.
                  | [Xom's mischief]
 10115 | D:2      | Identified the ring of the Voivode {MP+9 Str+3 Int+3}
 10128 | D:2      | Noticed Natasha
 10136 | D:2      | Killed Natasha
 10271 | D:2      | Noticed Natasha
 10274 | D:2      | XOM: 3-stop teleportation journey
 10373 | D:2      | XOM: noise
 10376 | D:2      | XOM: cast spell 'Discord'
 10377 | D:2      | XOM: summons 3 hostile demons
 10381 | D:2      | Killed Natasha
 10878 | D:2      | Noticed Natasha
 10880 | D:2      | XOM: divination: detect items
 10888 | D:2      | Killed Natasha
 10889 | D:2      | Reached XP level 6. HP: 24/47 MP: 0/0
 10971 | D:2      | Glimpsed the power of Zot.
 11075 | D:2      | Found a faded altar of an unknown god.
 11388 | D:3      | XOM: give mutations
 11388 | D:3      | Gained mutation: You sometimes lose the ability to read
                  | scrolls when taking damage. [Xom's mischief]
 11431 | D:3      | XOM: 1-stop teleportation journey
 11451 | D:3      | Found Sosozo's Armour Shoppe.
 11474 | D:3      | Found a stormy altar of Qazlal.
 11487 | D:3      | XOM: give mutation
 11487 | D:3      | Gained mutation: You are partially covered in iridescent
                  | scales. (AC +2) [Xom's mischief]
 11527 | D:3      | Reached skill level 4 in Fighting
 11536 | D:3      | XOM: scenery: create altars
 11619 | D:3      | XOM: silly message
 11907 | D:3      | XOM: polymorph jackal -> ball python
 11915 | D:3      | XOM: summons 4 hostile demons
 11916 | D:3      | Noticed a chaos spawn
 11917 | D:3      | HP: 2/47 [chaos spawn[Xom] (10)]
 11917 | D:3      | Slain by a chaos spawn

Illustrated notes

Levels and vault maps discovered:
D:1:      erik_arrival_triangle_medium, layout_rooms, serial_glass,
          glass_columns_b, glass_columns_c
D:2:      kb_forest_paths, layout_basic, shapermc_ecumenical_altar_pompeii,
          uniq_natasha
D:3:      layout_rooms, nicolae_qazlal_eye_of_the_storm, serial_shops,
          nicolae_shop_tiny_glass, roderic_lattice_a, minmay_pentomino_pile

Skill      XL: |  1  2  3  4  5  6 |
---------------+-------------------+-----
Long Blades    | 3 |  3.6
Armour         | 2 |  2.7
Dodging        | 3 |  3.6
Spellcasting   | 1 2 |  2.2
Conjurations   | 1 2 |  2.2
Hexes          | 1 2 |  2.2
Summonings     | 1 2 |  2.2
Necromancy     | 1 2 |  2.2
Translocations | 1 2 |  2.2
Transmutations | 1 2 |  2.2
Fire Magic     | 1 2 |  2.2
Ice Magic      | 1 2 |  2.2
Air Magic      | 1 2 |  2.2
Earth Magic    | 1 2 |  2.2
Poison Magic   | 1 2 |  2.2
Fighting       | 4 |  4.0

Action                     |  1- 3 |  4- 6 || total
---------------------------+-------+-------++-------
  Melee: Falchion          |    78 |   219 ||   297
         Headbutt          |     3 |     1 ||     4
         Punch             |       |     3 ||     3
   Cast: Wereblood         |       |     3 ||     3
    Use: Scroll            |     5 |     4 ||     9
         Potion            |       |     1 ||     1
   Stab: Confused          |       |     1 ||     1
         Paralysed         |       |     2 ||     2
 Armour: Leather armour    |    64 |   223 ||   287
  Dodge: Dodged            |    58 |   222 ||   280

Table legend: (Time is in decaauts)
 A = Elapsed time spent in this place.
 B = Non-inter-level travel time spent in this place.
 C = Inter-level travel time spent in this place.
 D = Time resting spent in this place.
 E = Time spent auto-exploring this place.
 F = Levels seen in this place.
 G = Mean time per level.
                   A        B        C        D        E       F      G
               +--------+--------+--------+--------+--------+-----+--------+
         Total |  11962 |  11828 |    134 |   9356 |   1810 |   3 | 3987.3 |
       Dungeon |  11962 |  11828 |    134 |   9356 |   1810 |   3 | 3987.3 |
               +--------+--------+--------+--------+--------+-----+--------+

Top non-repeatable levels by time:
     D:1: 9107 daAuts
     D:2: 2221 daAuts
     D:3: 634 daAuts
